AoeStats
← Gregory176144

Arabia

510380350Analyzed
1v1 RM · 24h ago on Sep 30, 2026· 38m 37s· 2 players
Game mode
Random Map
Map size
Tiny (2 player)
Population
200
Speed
Normal
Resources
Standard
Victory
Conquest
Starting age
Dark Age
Ending age
Imperial Age
RankedLock teamsTeams togetherTeam positionsShared explorationLock speedFull tech treeHidden civsTurbo modeCheats
Victory
Defeat
🇦🇷 Vikings · Argentina
1362
+18
🇩🇪 Romans · Germany
1412
-18
Gregory176144
8:48 Feudal Age
9:20 Double-Bit Axe
9:15 Horse Collar
15:05 Loom
15:40 Fletching
16:32 Padded Archer Armor
20:50 Castle Age
20:32 Gold Mining
21:22 Town Watch
21:49 Bow Saw
22:18 Gold Shaft Mining
23:43 Heavy Plow
23:53 Treadmill Crane
24:37 Stone Mining
27:15 Bodkin Arrow
27:42 Ballistics
37:46 Imperial Age
35:56 Chieftains
35:59 Scale Mail Armor
36:10 Forging
36:08 Squires
37:17 Chain Mail Armor
37:38 Iron Casting
36:49 Arson
39:11 Plate Mail Armor
39:41 Blast Furnace
Bitter Lemon
6:19 Loom
9:18 Feudal Age
10:05 Double-Bit Axe
9:51 Man-at-Arms
11:24 Scale Mail Armor
16:34 Fletching
21:54 Castle Age
20:29 Horse Collar
21:47 Forging
22:54 Scale Barding Armor
23:17 Chain Mail Armor
23:57 Squires
24:27 Long Swordsman
28:55 Iron Casting
29:11 Redemption
34:49 Town Watch
Connection lost

Rejoining the realm…

Still unreachable

The connection could not be restored.

Session expired

The server has moved on; the page needs a fresh start.